 Dungeon Crawl Stone Soup version 0.30-a0-722-g3e6e8c874d (webtiles) character file.

Game seed: 9620568585516322245

1703364 juan097 the Slayer (level 27, 160/160 HPs)
             Began as a Vine Stalker Brigand on Jan 26, 2023.
             Was a High Priest of Okawaru.
             Escaped with the Orb
             ... and 3 runes on Jan 27, 2023!
             The game lasted 06:46:35 (68116 turns).

juan097 the Slayer (Vine Stalker Brigand)          Turns: 68116, Time: 06:46:36

Health: 160/160    AC: 33    Str: 18 (19) XL:     27
Magic:  31/31      EV: 31    Int: 10 (11) God:    Okawaru [*****.]
Gold:   1011       SH: 19    Dex: 33      Spells: 27/38 levels left

rFire   + + .      SeeInvis .    a - +8 quick blade (protect)
rCold   + . .      Faith    .    C - +2 shield of Resistance {rF++ rC++ Will++}
rNeg    + . .      Spirit   +    y - +8 scale mail of the Amoeba {Dex+3}
rPois   +          Reflect  .    T - +2 helmet of Death's Door {+Inv rC- Slay+2 Stlth+}
rElec   +          Harm     .    d - +2 cloak {rCorr}
rCorr   +          Rampage  +    g - +2 pair of gloves {Str+3}
Will    ++++.                    v - +2 pair of boots {rampage}
Stlth   ++                       B - amulet of the acrobat
HPRegen 1.26/turn                N - ring of poison resistance
MPRegen 0.22/turn                h - ring "Enidat" {rElec rN+ Will- EV+5 Str+2, =R}

@: studying 2 skills
A: fangs 3, regeneration 1, magic shield, antimagic bite, no potion heal 2,
deterioration 1, low MP 1
0: Orb of Zot
}: 3/15 runes: decaying, slimy, gossamer
a: Renounce Religion, Evoke Invisibility, Heroism, Finesse, Duel


You escaped.
You worshipped Okawaru.
Okawaru was extremely pleased with you.
You visited 11 branches of the dungeon, and saw 54 of its levels.
You also visited: Gauntlet, Ice Cave, Wizlab and Desolation.

You collected 8312 gold pieces.
You spent 7301 gold pieces at shops.

Inventory:

Hand Weapons
 a - a +8 quick blade of protection (weapon)
 b - the +9 sling of Cocytus {drain, Will+ Str+3}
   (You found it in the Desolation of Salt)

   Str:       It affects your strength (+3).
   Will:      It increases your willpower.
 w - the +7 double sword of Free Expression {drain, rElec}
   (Okawaru gifted it to you on level 2 of the Depths)

   rElec:     It insulates you from electricity.
Missiles
 e - 13 curare-tipped darts (quivered)
 i - 4 datura-tipped darts
 o - 19 atropa-tipped darts
 J - 8 throwing nets
 S - 5 silver javelins
Armour
 d - a +2 cloak of preservation (worn)
 g - a +2 pair of gloves of strength (worn)
 v - a +2 pair of boots of rampaging (worn)
 y - the +8 scale mail of the Amoeba (worn) {Dex+3}
   (Okawaru gifted it to you on level 2 of the Lair of Beasts)

   Dex:       It affects your dexterity (+3).
 C - the +2 shield of Resistance (worn) {rF++ rC++ Will++}
   (You found it in the Desolation of Salt)

   rF:        It greatly protects you from fire.
   rC:        It greatly protects you from cold.
   Will:      It greatly increases your willpower.
 T - the +2 helmet of Death's Door (worn) {+Inv rC- Slay+2 Stlth+}
   (You found it on level 3 of the Vaults)

   Slay:      It affects your accuracy & damage with ranged weapons and melee
   (+2).
   rC:        It makes you vulnerable to cold.
   +Inv:      It lets you turn invisible.
   Stlth:     It makes you more stealthy.
Jewellery
 h - the ring "Enidat" (right hand) {rElec rN+ Will- EV+5 Str+2, =R}
   (You took it off a draconian annihilator on level 2 of the Realm of Zot)

   [ring of evasion]

   EV:        It affects your evasion (+5).
   Str:       It affects your strength (+2).
   rElec:     It insulates you from electricity.
   rN:        It protects you from negative energy.
   Will:      It decreases your willpower.
 B - an amulet of the acrobat (around neck)
 G - the ring of Departure {Fly rC+ Str+4}
   (You took it off a minotaur in a Gauntlet)

   [ring of flight]

   Str:       It affects your strength (+4).
   rC:        It protects you from cold.
   Fly:       It grants you flight.
 K - a +4 ring of slaying
 N - a ring of poison resistance (left hand)
 V - a ring of see invisible
Wands
 s - a wand of digging (21)
 D - a wand of paralysis (58)
 M - a wand of iceblast (41)
 R - a wand of acid (18)
Scrolls
 c - a scroll of brand weapon
 q - 27 scrolls of teleportation
 t - 6 scrolls of poison
 u - 3 scrolls of blinking
 z - 12 scrolls of fog
 F - 7 scrolls of enchant armour
 H - 6 scrolls of fear
 I - 3 scrolls of silence
 Q - 5 scrolls of magic mapping
Potions
 f - 4 potions of invisibility
 j - 23 potions of curing
 k - 9 potions of haste
 l - 2 potions of resistance
 m - 3 potions of magic
 p - 8 potions of attraction
 r - 6 potions of cancellation
 A - 11 potions of ambrosia
 E - 10 potions of flight
 L - 3 potions of berserk rage
 U - 3 potions of might
Miscellaneous
 x - a lightning rod (4/4)
 O - a tin of tremorstones (2/2)
 P - a phial of floods
 W - a condenser vane


   Skills:
 + Level 21.6 Fighting
 - Level 12.0(15.3) Short Blades
 - Level 15.4(17.0) Long Blades
 - Level 12.0 Ranged Weapons
 - Level 8.0 Throwing
 - Level 16.0 Armour
 - Level 16.0 Dodging
 - Level 10.0 Stealth
 - Level 15.0 Shields
 - Level 6.0 Spellcasting
 - Level 13.0 Translocations
 - Level 8.0 Transmutations
 - Level 14.0 Invocations
 - Level 16.0 Evocations


You had 27 spell levels left.
You knew the following spells:

 Your Spells              Type           Power      Damage    Failure   Level
a - Apportation           Tloc           58%        N/A       1%          1
b - Wereblood             Tmut           19%        N/A       4%          2
c - Passage of Golubria   Tloc           29%        N/A       3%          4
d - Blink                 Tloc           58%        N/A       1%          2
e - Lesser Beckoning      Tloc           58%        N/A       1%          2

Your spell library contained the following spells:

 Spells                   Type           Power      Damage    Failure   Level
 Gell's Gravitas          Tloc           29%        N/A       1%          3
 Beastly Appendage        Tmut           38%        N/A       3%          1
 Manifold Assault         Tloc           29%        N/A       3%          4
 Momentum Strike          Conj/Tloc      32%        3d8       9%          2
 Sting                    Tmut/Pois      44%        1d5       16%         1
 Vhi's Electric Charge    Tloc/Air       32%        N/A       16%         3
 Passwall                 Tmut/Erth      9%         N/A       22%         2
 Iskenderun's Mystic Bla  Conj/Tloc      16%        2d5       47%         4
 Dispersal                Tloc           14%        N/A       50%         6
 Foxfire                  Conj/Fire      12%        2x1d4     61%         1
 Freeze                   Ice            12%        1d3       61%         1
 Kiss of Death            Conj/Necr      12%        2d6       61%         1
 Necrotise                Necr           12%        1d4       61%         1
 Shock                    Conj/Air       12%        1d3       61%         1
 Slow                     Hex            12%        N/A       61%         1
 Ignite Poison            Fire/Tmut/Pois 8%         N/A       63%         3
 Blade Hands              Tmut           9%         N/A       63%         5
 Cigotuvi's Dreadful Rot  Necr/Pois/Air  6%         N/A       75%         2
 Ensorcelled Hibernation  Hex/Ice        6%         N/A       75%         2
 Scorch                   Fire           6%         2d5       75%         2
 Static Discharge         Conj/Air       6%         2-3/arc   75%         2
 Sublimation of Blood     Necr           3%         N/A       75%         2
 Petrify                  Tmut/Erth      11%        N/A       83%         4
 Confusing Touch          Hex            3%         N/A       93%         3
 Dazzling Flash           Conj/Hex       6%         N/A       93%         3
 Frozen Ramparts          Ice            6%         1d1       93%         3
 Hailstorm                Conj/Ice       3%         3d3       93%         3
 Inner Flame              Hex/Fire       3%         N/A       93%         3
 Stone Arrow              Conj/Erth      6%         3d7       93%         3
 Swiftness                Air            3%         N/A       93%         3
 Vampiric Draining        Necr           3%         2d6       93%         3
 Alistair's Intoxication  Tmut/Pois      7%         N/A       99%         5
 Irradiate                Conj/Tmut      5%         3d13      99%         5
 Airstrike                Air            1%         2d(1-17)  100%        4
 Anguish                  Hex/Necr       1%         N/A       100%        4
 Cause Fear               Hex            1%         N/A       100%        4
 Dispel Undead            Necr           3%         3d7       100%        4
 Flame Wave               Conj/Fire      3%         2d5       100%        4
 Sticky Flame             Conj/Fire      3%         2d3       100%        4
 Agony                    Necr           3%         N/A       100%        5
 Arcjolt                  Conj/Air       1%         1d11      100%        5
 Fireball                 Conj/Fire      1%         3d3       100%        5
 Iskenderun's Battlesphe  Conj           3%         2d6       100%        5
 Lightning Bolt           Conj/Air       1%         1d12      100%        5
 Metabolic Englaciation   Hex/Ice        1%         N/A       100%        5
 Silence                  Hex/Air        1%         N/A       100%        5
 Conjure Ball Lightning   Conj/Air       1%         3x3d6     100%        6
 Iron Shot                Conj/Erth      1%         9d1       100%        6
 Starburst                Conj/Fire      1%         6d3       100%        6
 Statue Form              Tmut/Erth      7%         N/A       100%        6
 Dragon Form              Tmut           9%         N/A       100%        7
 Enfeeble                 Hex            1%         N/A       100%        7
 Orb of Destruction       Conj           1%         9d5       100%        7
 Storm Form               Tmut/Air       5%         N/A       100%        7
 Discord                  Hex            1%         N/A       100%        8
 Disjunction              Tloc           14%        N/A       100%        8
 Ignition                 Fire           1%         3d3       100%        8
 Lehudib's Crystal Spear  Conj/Erth      1%         10d2      100%        8
 Maxwell's Capacitive Co  Air            1%         ∞         100%        8
 Chain Lightning          Conj/Air       1%         3d2       100%        9
 Fire Storm               Conj/Fire      1%         8d1       100%        9
 Shatter                  Erth           1%         3d6*      100%        9
 Summon Small Mammal      Summ           Unusable   N/A       N/A         1
 Summon Guardian Golem    Hex/Summ       Unusable   N/A       N/A         3
 Animate Armour           Summ/Erth      Unusable   N/A       N/A         4
 Animate Dead             Necr           Unusable   N/A       N/A         4
 Summon Ice Beast         Ice/Summ       Unusable   N/A       N/A         4
 Summon Mana Viper        Hex/Summ       Unusable   N/A       N/A         5
 Death Channel            Necr           Unusable   N/A       N/A         6
 Haunt                    Necr/Summ      Unusable   N/A       N/A         7
 Spellforged Servitor     Conj/Summ      Unusable   N/A       N/A         7
 Summon Hydra             Summ           Unusable   N/A       N/A         7
 Infestation              Necr           Unusable   N/A       N/A         8
 Dragon's Call            Summ           Unusable   N/A       N/A         9

Dungeon Overview and Level Annotations

Branches:
Dungeon (15/15)            Temple (0/1) D:4            Lair (5/5) D:11
  Swamp (4/4) Lair:3       Spider (4/4) Lair:3        Slime (5/5) Lair:4
    Orc (2/2) D:11            Elf (3/3) Orc:2        Vaults (4/5) D:13
  Crypt (3/3) Vaults:3       Tomb (0/3) Crypt:3      Depths (4/4) D:15
    Zot (5/5) Depths:4      IceCv (visited)          WizLab (visited)
Desolation (visited)      Gauntlet (visited)

Altars:
Cheibriados
Fedhas
Kikubaaqudgha
Makhleb
Nemelex Xobeh
Okawaru
Qazlal
Ru
Sif Muna
Trog
Vehumet
Xom
The Shining One
Jiyva
Lugonu

Shops:
D:2 [   D:4 [   D:5 *   D:10 !   D:11 [(   D:15 (   Orc:1 (!   Orc:2 *((*?
Elf:3 *   Swamp:1 *   Vaults:3 *?*   Depths:3 (   Depths:4 =:=

Portals:
Hell: Depths:1 Depths:2 Depths:3 Depths:4
Abyss: Depths:3
Pandemonium: Depths:2
Ziggurat: Depths:2

Annotations:
D:3 2 runed translucent doors, octoduck's ghost, amateur TeSu
D:7 2 runed translucent doors, JzDz's ghost, novice TrFi
Depths:3 2 transporters


Innate Abilities, Weirdness & Mutations

You have razor-sharp teeth.
Your natural rate of healing is unusually fast.
When hurt, damage is shared between your health and your magic reserves.
Your bite disrupts and absorbs the magic of your enemies.
Potions cannot restore your health.
Your body sometimes deteriorates upon taking damage.
Your magical capacity is low. (-10% MP)


Message History

There is a stone staircase leading down here.
A glowing orange brain comes into view.
The glowing orange brain turns its attention towards you.
The glowing orange brain moves out of view.
(D) Dungeon (T) Temple (L) Lair (S) Swamp (N) Spider Nest (M) Slime Pits (O) Orcish Mines (E) Elven Halls (V) Vaults (C) Crypt (W) Tomb (U) Depths (H) Hell (Z) Zot
Where to? (Enter - D:1, ? - help)
The glowing orange brain pulsates.
You feel dopey. Something feeds on your intellect!
You puncture the glowing orange brain!
Your weapon exudes an aura of protection.
You bite the glowing orange brain!
The glowing orange brain's magic leaks into the air.
You drain its magic.
The glowing orange brain is moderately wounded.
You hit the glowing orange brain. You bite the glowing orange brain!!
The glowing orange brain's magic leaks into the air.
You drain its magic.
The glowing orange brain is severely wounded.
You puncture the glowing orange brain! You bite the glowing orange brain!
You kill the glowing orange brain!
Okawaru accepts your kill.
No target in view!
(D) Dungeon (T) Temple (L) Lair (S) Swamp (N) Spider Nest (M) Slime Pits (O) Orcish Mines (E) Elven Halls (V) Vaults (C) Crypt (W) Tomb (U) Depths (H) Hell (Z) Zot
Where to? (Enter - D:1, ? - help)
There is a stone staircase leading up here.
You climb upwards.
There is a stone staircase leading down here.
There is an open door here.
You open the door.
There is an open door here.
There is an empty arch of ancient stone here.
There is a staircase leading out of the dungeon here.
You have escaped!

......#
###.#.#÷.....#
......# #...#......#
#.....# #.#.#.####.#
#.....######
#..........#
.........^.#
###♣♣############
...........#
#≈....###
...........#
##.....∩.#
...........#
##......#∩### #####
...........#
##.@.........###....
####.......#
#.............#.....
#.......#
#.......♣.....#.####
#.......#
#♣.........(..#.....
####.......#
#............#######
...........#
#............∩.#
.......>...#
#............###
..[........#
#..♣...........##
####.......#
#♣......⌠.......#


There were no monsters in sight!

Vanquished Creatures
  the Royal Jelly (Slime:5)
  2 dread liches (Zot:5)
  6 orbs of fire
  Mara (Depths:2)
  2 ancient liches
  A royal mummy (Crypt:3)
  Parghit (Depths:4)
  The ghost of WeeknightWizard the Sorcerer, a veteran DEFE of Vehumet (Depths:4)
  5 curse toes
  Bai Suzhen (Elf:3)
  4 Killer Klowns
  Saint Roka (Depths:3)
  7 golden dragons
  A Tzitzimitl (Zot:3)
  Arachne (Spider:2)
  3 electric golems
  13 tentacled monstrosities
  2 titans
  2 deep elf blademasters
  3 liches
  27 Orb Guardians
  2 deep elf master archers (Elf:3)
  6 quicksilver dragons
  17 acid blobs
  6 ancient champions
  11 death cobs
  5 tengu reavers
  A sphinx (shapeshifter) (Vaults:4)
  2 sphinxes (Crypt:3)
  8 shadow dragons
  Roxanne (Swamp:4)
  7 draconian monks
  7 storm dragons
  A thorn hunter (Swamp:3)
  A revenant (Crypt:3)
  11 rockslimes
  5 draconian knights
  2 fenstrider witches (Swamp:3)
  11 frost giants
  4 azure jellies
  5 emperor scorpions
  An iron dragon (Depths:3)
  15 vault wardens
  An imperial myrmidon (Desolation)
  6 fire giants
  3 deep elf elementalists (Elf:3)
  3 orc warlords
  3 curse skulls
  4 spectral caustic shrikes (Depths:2)
  7 draconian stormcallers
  6 deep elf sorcerers
  4 draconian scorchers
  7 draconian shifters
  2 ghost moths (Zot:3)
  9 ghouls
  19 ironbound preservers
  8 draconian annihilators
  7 stone giants
  Nessos (D:13)
  28 very ugly things
  2 war gargoyles (Vaults:4)
  A broodmother (Spider:2)
  12 quicksilver oozes
  10 green draconians
  6 eleionomae
  7 vampire knights
  7 ironbound thunderhulks
  14 red draconians
  3 bunyips
  6 deep elf demonologists (Elf:3)
  7 spark wasps
  19 black draconians
  22 dire elephants
  4 halazid warlocks (Desolation)
  9 white draconians
  5 eidola
  5 deep elf annihilators
  A minotaur (Gauntlet)
  14 purple draconians
  15 yellow draconians
  The ghost of Newt the Protected, a journeyman DsGl of Makhleb (Lair:2)
  15 ettins
  An acid blob zombie (Crypt:3)
  9 deep elf death magi
  2 crystal guardians (Desolation)
  8 fire dragons
  13 jiangshi
  A blizzard demon (Gauntlet)
  9 entropy weavers
  6 ice dragons
  A shambling mangrove (Swamp:3)
  7 mummy priests (Crypt:3)
  3 great orbs of eyes
  13 yaktaur captains
  A green death (Zot:5)
  7 ragged hierophants (Desolation)
  7 deep elf high priests (Elf:3)
  6 servants of whispers
  27 hydras
  9 peacekeepers
  A hydra (shapeshifter) (Depths:2)
  8 death knights
  3 rakshasas
  8 ironbound frosthearts
  2 ghost crabs
  3 catoblepae
  A jorogumo (Spider:4)
  4 ogre magi (Orc:2)
  17 vault guards
  10 centaur warriors
  2 spriggan air magi
  A merfolk avatar (Lair:5)
  Erica (Orc:2)
  10 boulder beetles
  8 alligators
  4 radroaches
  6 death yaks (Lair:4)
  24 dancing weapons
  5 tengu warriors
  14 two-headed ogres
  7 deep troll shamans
  6 deep troll earth magi
  11 spriggan berserkers
  10 vampire magi
  Urug (Lair:2)
  4 hell knights
  24 deep elf knights
  A soul eater (Crypt:2)
  A fire crab (Lair:4)
  23 skeletal warriors
  A salamander mystic (Depths:1)
  A sea snake (shapeshifter) (Vaults:4)
  4 shadow wraiths
  A goliath frog (shapeshifter) (Elf:3)
  3 iron trolls
  A titan skeleton (Crypt:1)
  5 goliath frogs
  A deep troll (shapeshifter) (Depths:3)
  A fire crab (shapeshifter) (Depths:3)
  3 pharaoh ants
  A cherub (D:10)
  7 flayed ghosts
  2 orange crystal statues
  4 glowing orange brains
  2 swamp dragons (shapeshifter)
  79 deep trolls
  2 orb spiders
  8 spriggan druids
  6 bog bodies
  28 deep elf zephyrmancers
  12 swamp dragons
  18 wizards
  12 lindwurms
  24 deep elf pyromancers
  10 orc knights
  10 deep elf archers
  11 phantasmal warriors
  4 steelbarb worms
  21 ironbound convokers
  5 necromancers
  A wolf spider zombie (D:15)
  13 wolf spiders
  A wolf spider (shapeshifter) (Gauntlet)
  A broodmother zombie (Crypt:2)
  3 salamanders (Depths:1)
  A harpy (shapeshifter) (D:13)
  56 ugly things
  2 orc sorcerers
  3 shining eyes
  3 harpies
  A tengu skeleton (Vaults:3)
  10 cyclopes
  A jorogumo skeleton (Crypt:3)
  A fire giant zombie (Crypt:2)
  7 will-o-the-wisps
  4 manticores
  A frost giant zombie (Crypt:2)
  5 black mambas
  Maurice (D:8)
  31 elephants
  A centaur zombie (D:15)
  115 slime creatures
  A naga mage (D:15)
  32 moths of wrath
  A guardian serpent (Vaults:4)
  7 torpor snails
  14 vault sentinels
  6 demonic crawlers
  A stone giant skeleton (Vaults:3)
  2 eyes of devastation
  3 gargoyles
  An ice statue (Spider:2)
  2 centaur skeletons (D:15)
  20 cane toads
  2 cane toads (shapeshifter)
  2 molten gargoyles (Desolation)
  An orange demon (Depths:2)
  2 kobold demonologists (D:10)
  An alligator snapping turtle skeleton (Crypt:2)
  33 rime drakes
  An efreet (D:14)
  An elf skeleton (Vaults:3)
  A yaktaur (shapeshifter) (Vaults:1)
  A redback zombie (Crypt:1)
  14 komodo dragons
  5 freezing wraiths
  30 yaktaurs
  An ice devil (Zot:5)
  A rime drake (shapeshifter) (D:14)
  A tengu conjurer (Depths:1)
  A minotaur skeleton (Crypt:1)
  A queen bee (shapeshifter) (Elf:1)
  7 trolls
  A troll (shapeshifter) (D:13)
  A wind drake (shapeshifter) (Depths:2)
  37 guardian mummies (Crypt:3)
  A bloated husk (Swamp:1)
  7 tyrant leeches
  8 meliai
  24 hornets
  17 polar bears
  15 tarantellas
  A dream sheep (shapeshifter) (Vaults:4)
  A fire dragon zombie (Crypt:1)
  30 blink frogs
  49 saltlings (Desolation)
  A snapping turtle (Lair:5)
  6 dream sheep (Lair:5)
  A frost giant simulacrum (Vaults:3)
  9 flying skulls (Crypt:3)
  4 air elementals
  21 jumping spiders
  Sigmund (D:2)
  9 spriggans
  4 vampires
  9 culicivoras
  12 water elementals
  9 wyverns
  A guardian serpent skeleton (Crypt:2)
  10 wraiths
  A golden eye (shapeshifter) (D:13)
  4 ushabtiu (Crypt:3)
  3 fire elementals
  4 basilisks
  12 golden eyes
  60 yaks
  A yaktaur simulacrum (Vaults:3)
  Eustachio (D:5)
  4 vampire mosquitoes (Swamp:2)
  11 steam dragons
  42 redbacks
  2 two-headed ogre zombies (WizLab)
  5 wargs
  13 swamp worms
  An acid dragon (shapeshifter) (Gauntlet)
  A hydra simulacrum (Lair:2)
  3 acid dragons
  Duvessa (D:5)
  10 water moccasins
  A manticore zombie (Crypt:2)
  21 orc warriors
  2 human zombies (Vaults:3)
  A black mamba simulacrum (Lair:2)
  2 black bears
  2 ice beasts
  23 ogres
  8 swamp drakes
  2 boggarts (Depths:2)
  5 wolves
  A manticore skeleton (Crypt:1)
  A snapping turtle skeleton (Crypt:3)
  6 centaurs
  19 bullfrogs
  2 kobold brigands
  A necrophage (D:4)
  A gnoll sergeant (D:6)
  A glowing shapeshifter simulacrum (Vaults:3)
  5 scorpions
  2 earth elementals
  A cane toad simulacrum (Lair:2)
  7 troll zombies (WizLab)
  Dowan (D:5)
  A hornet simulacrum (D:15)
  9 wights
  A water moccasin skeleton (Crypt:3)
  A killer bee (shapeshifter) (Depths:2)
  13 killer bees
  An electric eel (Lair:3)
  A yak skeleton (Crypt:3)
  9 howler monkeys
  A basilisk zombie (Crypt:1)
  12 orc priests
  2 gnoll boudas
  4 hounds
  2 jellies
  A bullfrog skeleton (Crypt:2)
  2 water moccasin simulacra (Lair:2)
  Jessica (D:2)
  2 iguanas (D:4)
  20 orc wizards
  7 hell rats (Lair:5)
  A polar bear simulacrum (Lair:2)
  A statue (D:14)
  7 ogre zombies (WizLab)
  A naga skeleton (Crypt:2)
  13 mummies (Crypt:3)
  18 gnolls
  9 adders
  4 shadow imps
  4 white imps
  An ufetubus (D:7)
  An iguana skeleton (Crypt:1)
  5 worms
  2 dart slugs
  85 orcs
  9 ball pythons
  6 bats
  8 endoplasms
  7 giant cockroaches
  18 goblins
  A hobgoblin (shapeshifter) (Depths:3)
  14 hobgoblins
  9 jackals
  28 kobolds
  6 quokkas
  A river rat zombie (Crypt:1)
  3 training dummies (Orc:1)
  A frilled lizard (D:1)
  2 jackal zombies (Crypt:3)
  A kobold zombie (Crypt:2)
  2 rats
  A rat skeleton (Crypt:3)
2554 creatures vanquished.

Vanquished Creatures (collateral kills)
  5 hell knights (Vaults:2)
5 creatures vanquished.

Vanquished Creatures (others)
  A deep elf zephyrmancer (Elf:3)
  A wolf spider (Spider:2)
  A moth of wrath (Zot:4)
  A black mamba (Lair:4)
  A rime drake (Lair:1)
  A guardian mummy (Crypt:3)
  2 saltlings (Desolation)
  A blink frog (Lair:4)
  A bush (Lair:5)
  14 foxfires
  37 fungi
  101 plants
  5 withered plants (Depths:1)
167 creatures vanquished.

Grand Total: 2726 creatures vanquished

Notes
Turn   | Place    | Note
-------+----------+-------------------------------------------
     0 | D:1      | juan097 the Vine Stalker Brigand began the quest for the
                  | Orb.
     0 | D:1      | Reached XP level 1. HP: 11/11 MP: 2/2
   120 | D:1      | Reached XP level 2. HP: 15/15 MP: 3/3
   367 | D:1      | Found a faded altar of an unknown god.
   399 | D:1      | Got Sif Muna's Opusculum on Gloom and Changes
   429 | D:1      | Reached XP level 3. HP: 18/18 MP: 4/4
  1016 | D:2      | Found Heap's Antique Armour Boutique.
  1022 | D:1      | Gained mutation: Your natural rate of healing is unusually
                  | fast. [Vine Stalker growth]
  1022 | D:1      | Reached XP level 4. HP: 23/23 MP: 5/5
  1161 | D:2      | Noticed Sigmund
  1361 | D:2      | Noticed Jessica
  1371 | D:2      | Killed Jessica
  1372 | D:2      | Reached XP level 5. HP: 26/26 MP: 6/6
  1396 | D:2      | Got Jessica's Directory of Resurrection
  1718 | D:2      | Identified the +0 leather armour "Jomp" {+Blink rCorr Int+4
                  | Dex+2}
  1866 | D:3      | Found a stormy altar of Qazlal.
  2101 | D:3      | Identified the +1 scale mail "Ekhiust" {rC+}
  2118 | D:3      | Found a snail-covered altar of Cheibriados.
  2268 | D:3      | Found a runed translucent door.
  2269 | D:3      | Noticed octoduck's ghost (amateur TeSu)
  2296 | D:3      | Found a runed translucent door.
  2566 | D:3      | Found an iron altar of Okawaru.
  2660 | D:3      | Became a worshipper of Warmaster Okawaru
  2712 | D:4      | Reached XP level 6. HP: 18/30 MP: 3/7
  2898 | D:4      | Reached skill level 5 in Short Blades
  3199 | D:4      | Found a staircase to the Ecumenical Temple.
  3266 | D:4      | Reached XP level 7. HP: 30/34 MP: 3/8
  3326 | D:4      | Found Jaonguoc's Antique Armour Emporium.
  3727 | D:4      | Reached * piety under Okawaru
  4410 | D:2      | Killed Sigmund
  4411 | D:2      | Reached skill level 1 in Evocations
  4500 | D:5      | Entered Level 5 of the Dungeon
  4533 | D:5      | Reached ** piety under Okawaru
  4534 | D:5      | Gained mutation: You have razor-sharp teeth. [Vine Stalker
                  | growth]
  4534 | D:5      | Reached XP level 8. HP: 38/38 MP: 9/9
  5032 | D:5      | Found Popriany's Elemental Accessories.
  5045 | D:5      | Noticed Eustachio
  5048 | D:5      | Killed Eustachio
  5289 | D:5      | Noticed Dowan
  5290 | D:5      | Noticed Duvessa
  5314 | D:5      | Killed Duvessa
  5327 | D:5      | Killed Dowan
  5567 | D:6      | Reached skill level 2 in Fighting
  5567 | D:6      | Reached skill level 1 in Dodging
  5567 | D:6      | Reached skill level 5 in Stealth
  5567 | D:6      | Reached skill level 1 in Invocations
  5644 | D:6      | Reached XP level 9. HP: 42/42 MP: 11/11
  5676 | D:6      | Reached *** piety under Okawaru
  5677 | D:6      | Reached skill level 1 in Armour
  5731 | D:6      | Found a bloodstained altar of Trog.
  6735 | D:7      | Reached skill level 3 in Fighting
  6957 | D:7      | Reached **** piety under Okawaru
  7028 | D:7      | Found a sacrificial altar of Ru.
  7054 | D:7      | Found a large runed translucent door.
  7054 | D:7      | Found a large runed translucent door.
  7055 | D:7      | Noticed JzDz's ghost (novice TrFi)
  7572 | D:8      | Identified a scroll of acquirement
  7959 | D:8      | Found a shimmering altar of Xom.
  8225 | D:4      | Bought a pair of runed gloves for 202 gold pieces
  8415 | D:8      | Found a glowing golden altar of the Shining One.
  8478 | D:8      | Reached XP level 10. HP: 43/48 MP: 12/14
  8526 | D:8      | Noticed Maurice
  8545 | D:8      | Killed Maurice
  8546 | D:8      | Reached skill level 5 in Invocations
  8634 | D:8      | Found a blossoming altar of Fedhas.
  8660 | D:8      | Found a shimmering blue altar of Sif Muna.
  8693 | D:8      | Reached skill level 4 in Fighting
  8815 | D:9      | Found a sparkling altar of Nemelex Xobeh.
  8902 | D:9      | Identified the +0 plate armour of Glamorous Awe {Contam
                  | rPois Int+3}
  9188 | D:9      | Found a radiant altar of Vehumet.
  9216 | D:9      | Reached ***** piety under Okawaru
  9558 | D:9      | Reached skill level 10 in Short Blades
  9566 | D:9      | Received a gift from Okawaru
  9573 | D:9      | Reached skill level 5 in Fighting
  9771 | D:10     | Entered Level 10 of the Dungeon
  9920 | D:10     | Found Weicaa's Distillery.
  9952 | D:10     | Bought a potion of might for 44 gold pieces
  9952 | D:10     | Bought a potion of lignification for 33 gold pieces
  9952 | D:10     | Bought a potion of degeneration for 11 gold pieces
  9952 | D:10     | Bought a potion of flight for 33 gold pieces
  9957 | D:10     | Bought a potion of magic for 88 gold pieces
  9965 | D:10     | Acquired a +2 antimagic quick blade
  9975 | D:10     | Noticed a two-headed ogre
  9981 | D:10     | Killed a two-headed ogre
  9982 | D:10     | Reached XP level 11. HP: 56/56 MP: 16/16
 10891 | D:11     | Received a gift from Okawaru
 10950 | D:11     | Reached skill level 6 in Fighting
 11008 | D:11     | Found a staircase to the Lair.
 11123 | D:11     | Found Jiewnu's Weapon Shop.
 11123 | D:11     | Found a staircase to the Orcish Mines.
 11123 | D:11     | Found Bitooq's Armour Shop.
 11159 | D:11     | Bought a +0 helmet of see invisible for 126 gold pieces
 11269 | D:11     | Noticed a cyclops
 11364 | Lair:1   | Entered Level 1 of the Lair of Beasts
 11521 | Lair:1   | Identified the +0 chain mail of Unambiguity {Fly SInv}
                  | (Okawaru gifted it to you on level 1 of the Lair of Beasts)
 11521 | Lair:1   | Received a gift from Okawaru
 11736 | Lair:1   | Reached skill level 5 in Evocations
 11739 | Lair:1   | Reached skill level 5 in Dodging
 11818 | Lair:1   | Reached XP level 12. HP: 62/62 MP: 18/18
 12501 | Lair:2   | Noticed Urug
 12507 | Lair:2   | Killed Urug
 12582 | Lair:2   | Found a runed translucent gate.
 12582 | Lair:2   | Found a runed translucent gate.
 12582 | Lair:2   | Found a runed translucent gate.
 12679 | Lair:2   | Reached skill level 7 in Fighting
 12754 | Lair:2   | Received a gift from Okawaru
 13300 | Lair:2   | Noticed Newt's ghost (journeyman DsGl)
 13360 | Lair:2   | Received a gift from Okawaru
 13373 | Lair:2   | Reached skill level 8 in Fighting
 13779 | Orc:1    | Entered Level 1 of the Orcish Mines
 13866 | Orc:1    | Reached XP level 13. HP: 50/68 MP: 14/20
 13949 | Orc:1    | Found Kamnos's Firing Range.
 14009 | Orc:2    | Entered Level 2 of the Orcish Mines
 14009 | Orc:2    | Found a staircase to the Elven Halls.
 14100 | Orc:2    | Identified the +0 crystal plate armour "Nuwnali" {-Cast
                  | Harm Regen+ Dex+3} (Okawaru gifted it to you on level 2 of
                  | the Orcish Mines)
 14100 | Orc:2    | Received a gift from Okawaru
 14436 | Orc:2    | Found Baolycwicw's Assorted Antiques.
 14610 | Orc:1    | Noticed Erica
 14624 | Orc:2    | Killed Erica
 14979 | Orc:2    | Reached ****** piety under Okawaru
 14979 | Orc:2    | Received a gift from Okawaru
 14980 | Orc:2    | Reached skill level 5 in Throwing
 15019 | Orc:2    | Found Bujaeph's Magic Scroll Boutique.
 15019 | Orc:2    | Found Zeppiloh's Antique Weapon Shoppe.
 15023 | Orc:2    | Found Keumm's Assorted Antiques.
 15023 | Orc:2    | Found Xufoum's Antique Weapon Shop.
 15034 | Orc:2    | Bought a golden potion for 32 gold pieces
 15035 | Orc:2    | Bought a scroll of fog for 60 gold pieces
 15035 | Orc:2    | Bought a scroll of enchant armour for 112 gold pieces
 15081 | Orc:2    | Received a gift from Okawaru
 15293 | Orc:2    | Bought a scroll of identify for 30 gold pieces
 15299 | Orc:2    | Bought a glowing dagger for 80 gold pieces
 15319 | Orc:2    | Bought a scroll of identify for 46 gold pieces
 15319 | Orc:2    | Bought a scroll of identify for 46 gold pieces
 15370 | Orc:1    | Bought a +2 heavy hand crossbow for 219 gold pieces
 15435 | Orc:2    | Received a gift from Okawaru
 15446 | Orc:1    | Reached XP level 14. HP: 61/74 MP: 21/21
 15511 | Orc:1    | Found Mauczis's Distillery.
 15520 | Orc:1    | Bought a potion of haste for 100 gold pieces
 15923 | Lair:3   | Reached skill level 1 in Ranged Weapons
 15929 | Lair:3   | Found a bloodstained altar of Trog.
 16115 | Lair:3   | Found a staircase to the Swamp.
 16148 | Lair:3   | Reached skill level 9 in Fighting
 16194 | Lair:3   | Reached skill level 1 in Long Blades
 16224 | Lair:3   | Found a hole to the Spider Nest.
 16717 | Lair:3   | Received a gift from Okawaru
 17167 | Lair:4   | Found a staircase to the Slime Pits.
 17541 | Lair:4   | Received a gift from Okawaru
 17700 | Lair:4   | Reached skill level 10 in Invocations
 17760 | Lair:4   | Reached XP level 15. HP: 54/80 MP: 23/23
 17837 | Lair:4   | Reached skill level 10 in Fighting
 18041 | Lair:4   | Reached skill level 5 in Ranged Weapons
 18929 | D:2      | Bought a shiny ring mail for 133 gold pieces
 19253 | Lair:2   | Reached skill level 5 in Long Blades
 19259 | Lair:2   | Identified the +8 scale mail of the Amoeba {Dex+3} (Okawaru
                  | gifted it to you on level 2 of the Lair of Beasts)
 19259 | Lair:2   | Received a gift from Okawaru
 19291 | Lair:2   | HP: 2/80 [Newt's ghost (18)]
 19317 | Lair:2   | Killed Newt's ghost
 19318 | Lair:2   | Reached skill level 10 in Dodging
 19618 | Lair:5   | Entered Level 5 of the Lair of Beasts
 20247 | Lair:5   | Reached skill level 5 in Armour
 20562 | Lair:5   | Found the +8 trident of the Octopus King {venom, rElec
                  | rPois}
 20584 | Lair:5   | Identified the +7 plate armour "Yqimeqot" {rCorr}
 20630 | Lair:5   | Received a gift from Okawaru
 21731 | D:12     | Learned a level 1 spell: Apportation
 22461 | D:13     | Noticed Nessos
 22472 | D:13     | Killed Nessos
 22564 | D:13     | Found a gate to the Vaults.
 22573 | D:13     | Reached XP level 16. HP: 85/85 MP: 24/24
 23129 | D:13     | Upgraded the game from 0.30-a0-719-gcc4359ea44 to
                  | 0.30-a0-722-g3e6e8c874d
 23273 | D:14     | Got the Spellbook of Assembled Refrigeration
 23298 | D:14     | Found a radiant altar of Vehumet.
 23404 | D:14     | Received a gift from Okawaru
 23802 | D:15     | Entered Level 15 of the Dungeon
 23881 | D:15     | Found Iwutisu's Antique Weapon Shop.
 23912 | D:15     | Found a gate leading to a gauntlet.
 23941 | Gauntlet | Entered a Gauntlet
 23941 | Gauntlet | Found a transporter.
 23941 | Gauntlet | Found a large runed translucent door.
 23941 | Gauntlet | Found a large runed translucent door.
 23941 | Gauntlet | Found a large runed translucent door.
 23941 | Gauntlet | Found a large runed translucent door.
 23941 | Gauntlet | Found a runed translucent door.
 23941 | Gauntlet | Found a runed translucent door.
 23941 | Gauntlet | Found a large runed translucent door.
 23941 | Gauntlet | Found a large runed translucent door.
 23941 | Gauntlet | Found a large runed translucent door.
 23941 | Gauntlet | Found a large runed translucent door.
 23941 | Gauntlet | Found a large runed translucent door.
 23941 | Gauntlet | Found a large runed translucent door.
 23942 | Gauntlet | Found a large runed translucent door.
 23942 | Gauntlet | Found a large runed translucent door.
 23950 | Gauntlet | Found a transporter.
 23965 | Gauntlet | Found a transporter.
 23970 | Gauntlet | Found a transporter.
 23985 | Gauntlet | Found a transporter.
 23994 | Gauntlet | Found the +1 robe of Vines {NoPotionHeal Regen++++}
 24004 | Gauntlet | Found a transporter.
 24016 | Gauntlet | Found a transporter.
 24028 | Gauntlet | Found a transporter.
 24032 | Gauntlet | Found the macabre finger necklace {Finger+ rN+}
 24040 | Gauntlet | Found a transporter.
 24052 | Gauntlet | Found a transporter.
 24069 | Gauntlet | Found a transporter.
 24087 | Gauntlet | Found a transporter.
 24089 | Gauntlet | Found a transporter.
 24107 | Gauntlet | Found a large runed translucent door.
 24109 | Gauntlet | Found a large runed translucent door.
 24112 | Gauntlet | Found a runed translucent gate.
 24112 | Gauntlet | Found a runed translucent gate.
 24112 | Gauntlet | Found a runed translucent gate.
 24114 | Gauntlet | Found a transporter.
 24116 | Gauntlet | Found a transporter.
 24122 | Gauntlet | Found a large runed translucent door.
 24123 | Gauntlet | Found a large runed translucent door.
 24136 | Gauntlet | Found a transporter.
 24216 | Gauntlet | Found a transporter.
 24238 | Gauntlet | Found a transporter.
 24400 | Gauntlet | Received a gift from Okawaru
 24490 | Gauntlet | Identified the amulet "Ysysuash" {RegenMP Harm Dex+3}
 24507 | Gauntlet | Identified the ring of Departure {Fly rC+ Str+4}
 24521 | Gauntlet | Identified the ring "Otunwiu" {rF+ Str+2}
 24524 | Gauntlet | Identified the +2 kite shield "Hauhopt" {+Inv rF+ rC+ Int-2
                  | Dex-2}
 24598 | D:15     | Received a gift from Okawaru
 24653 | D:15     | Found a burning altar of Makhleb.
 24655 | D:15     | Noticed an Executioner
 25349 | D:15     | Found a staircase to the Depths.
 26102 | Spider:1 | Entered Level 1 of the Spider Nest
 26129 | Spider:1 | Identified the +8 short sword of the Lame Duck {drain, rN+}
 27466 | Spider:2 | Found a frozen archway.
 27491 | IceCv    | Entered an ice cave
 27513 | IceCv    | Reached XP level 17. HP: 90/90 MP: 26/26
 27563 | IceCv    | Reached skill level 1 in Shields
 27619 | IceCv    | Found the +3 Mad Mage's Maulers {Infuse+∞ VampMP -Cast}
 27693 | IceCv    | Identified the +3 pair of gloves "Piqewul" {Harm *Corrode
                  | rN++ Str+4} (Okawaru gifted it to you in an ice cave)
 27693 | IceCv    | Received a gift from Okawaru
 28126 | IceCv    | Reached skill level 11 in Fighting
 28827 | Spider:2 | Reached skill level 5 in Shields
 29917 | Spider:3 | Learned a level 2 spell: Wereblood
 29963 | Spider:3 | Identified the +0 pair of boots of Intuition {rC+ Dex+2
                  | Stlth-} (Okawaru gifted it to you on level 3 of the Spider
                  | Nest)
 29963 | Spider:3 | Received a gift from Okawaru
 30076 | Spider:3 | Noticed Arachne
 30090 | Spider:2 | Killed Arachne
 30731 | Swamp:1  | Entered Level 1 of the Swamp
 30793 | Swamp:1  | Reached skill level 1 in Translocations
 31390 | Swamp:1  | Found Luwyhipt's Island Escapes.
 31398 | Swamp:1  | Bought a potion of haste for 160 gold pieces
 31537 | Swamp:1  | Reached XP level 18. HP: 95/98 MP: 3/28
 31550 | Swamp:1  | Reached skill level 12 in Fighting
 32415 | Swamp:2  | Found the +10 zealot's sword {holy, Zealotry, *Rage rN+
                  | EV+3}
 33314 | Swamp:3  | Received a gift from Okawaru
 33858 | Swamp:3  | Received a gift from Okawaru
 34201 | Swamp:3  | Learned a level 4 spell: Passage of Golubria
 34270 | Swamp:3  | Reached skill level 10 in Shields
 34370 | Swamp:3  | Received a gift from Okawaru
 34505 | Swamp:4  | Entered Level 4 of the Swamp
 34528 | Swamp:3  | Reached skill level 1 in Spellcasting
 34660 | Swamp:3  | Received a gift from Okawaru
 34842 | Swamp:4  | Received a gift from Okawaru
 34953 | Swamp:3  | Reached skill level 5 in Translocations
 35073 | Swamp:4  | Noticed Roxanne
 35122 | Swamp:4  | Got a decaying rune of Zot
 35343 | Swamp:4  | Killed Roxanne
 35646 | Spider:4 | Entered Level 4 of the Spider Nest
 35673 | Spider:4 | Received a gift from Okawaru
 35741 | Spider:4 | Paralysed by a jorogumo for 3 turns
 36445 | Spider:4 | Reached XP level 19. HP: 102/102 MP: 29/29
 36579 | Spider:4 | Received a gift from Okawaru
 36721 | Spider:4 | Received a gift from Okawaru
 36812 | Spider:4 | Got a gossamer rune of Zot
 37388 | Vaults:1 | Entered Level 1 of the Vaults
 37445 | Vaults:1 | Reached skill level 10 in Armour
 37630 | Vaults:1 | Found a crumbling gateway.
 37643 | Desolati | Entered the Desolation of Salt
 38023 | Arena    | Entered the Arena
 38080 | Desolati | Found the +2 shield of Resistance {rF++ rC++ Will++}
 38086 | Desolati | Identified the +0 leather armour of the Voracious God
                  | {*Slow Fly Will+++ Int-4}
 38344 | Desolati | Got the Volume of Frostbite and Orientation
 38345 | Desolati | Identified the ring "Tyilyh" {Wiz *Corrode Str+4 Slay-6
                  | Stlth+}
 38350 | Desolati | Got the Spellbook of the Inferno
 38351 | Desolati | Identified the +9 sling of Cocytus {drain, Will+ Str+3}
 38353 | Desolati | Identified the +0 pair of boots "Gakhiqax" {SInv}
 38507 | Desolati | Got the Spellbook of Shifting Shapeshifting
 38511 | Desolati | Learned a level 2 spell: Blink
 39074 | Vaults:1 | Received a gift from Okawaru
 39117 | Vaults:1 | Reached XP level 20. HP: 107/107 MP: 30/30
 39608 | Vaults:1 | Received a gift from Okawaru
 39956 | Vaults:1 | Reached skill level 10 in Translocations
 41144 | Vaults:2 | Received a gift from Okawaru
 41458 | Vaults:2 | Identified the +1 pair of gloves of the Crypt {+Blink Str+8
                  | Int-4 Dex-5} (Okawaru gifted it to you on level 2 of the
                  | Vaults)
 41458 | Vaults:2 | Received a gift from Okawaru
 41487 | Vaults:2 | Acquired a manual of Long Blades
 41834 | Vaults:2 | Reached skill level 13 in Fighting
 41834 | Vaults:2 | Reached skill level 10 in Long Blades
 42023 | Vaults:2 | Reached XP level 21. HP: 113/113 MP: 31/31
 42063 | Vaults:2 | Identified the +7 falchion "Sucuip" {heavy, rCorr Str+3}
 42275 | Vaults:3 | Found Aninoe's Assorted Antiques.
 42512 | Vaults:3 | Found Faraaf's Magic Scroll Shoppe.
 42531 | Vaults:3 | Bought a jade ring for 185 gold pieces
 42571 | Vaults:3 | Found Weudezon's General Store.
 42576 | Vaults:3 | Bought a phial of floods for 440 gold pieces
 42741 | Vaults:3 | You fall into a shaft and drop 1 floor!
 42800 | Vaults:4 | Identified the +0 scale mail of Ipul {rF+ SInv} (Okawaru
                  | gifted it to you on level 4 of the Vaults)
 42800 | Vaults:4 | Received a gift from Okawaru
 42888 | Vaults:4 | Reached skill level 15 in Long Blades
 43267 | Vaults:3 | Identified the +2 helmet of Death's Door {+Inv rC- Slay+2
                  | Stlth+}
 43799 | Vaults:3 | Found a staircase to the Crypt.
 44136 | Vaults:4 | Identified the +0 dagger "Giuvioli" {flame, rCorr} (Okawaru
                  | gifted it to you on level 4 of the Vaults)
 44136 | Vaults:4 | Received a gift from Okawaru
 44218 | Vaults:4 | Reached XP level 22. HP: 106/119 MP: 32/32
 44230 | Vaults:4 | Reached skill level 10 in Stealth
 44509 | Vaults:4 | Noticed a golden dragon
 44520 | Vaults:4 | Killed a golden dragon
 44549 | Vaults:4 | Learned a level 2 spell: Lesser Beckoning
 44760 | Vaults:4 | Received a gift from Okawaru
 44903 | Vaults:4 | Reached skill level 14 in Fighting
 45169 | Vaults:4 | Reached skill level 10 in Ranged Weapons
 45169 | Vaults:4 | Reached skill level 10 in Evocations
 45471 | Elf:1    | Entered Level 1 of the Elven Halls
 45775 | Elf:1    | Paralysed by an air elemental for 1 turns
 45777 | Elf:1    | Received a gift from Okawaru
 46962 | Elf:2    | Found a runed translucent gate.
 46963 | Elf:2    | Found a runed translucent gate.
 46963 | Elf:2    | Found a runed translucent gate.
 47583 | Elf:3    | Entered Level 3 of the Elven Halls
 47583 | Elf:3    | Found Dodaxtot's General Store.
 47590 | Elf:3    | Reached skill level 15 in Fighting
 47744 | Elf:3    | Identified the +4 scale mail "Meulue" {rElec} (Okawaru
                  | gifted it to you on level 3 of the Elven Halls)
 47744 | Elf:3    | Received a gift from Okawaru
 47771 | Elf:3    | Reached skill level 1 in Transmutations
 47780 | Elf:3    | Reached XP level 23. HP: 101/126 MP: 30/33
 47813 | Elf:3    | Found a shimmering blue altar of Sif Muna.
 47932 | Elf:3    | Identified the +1 leather armour "Hoskialuo" {rPois}
 47966 | Elf:3    | Paralysed by an air elemental for 1 turns
 48588 | Elf:3    | Reached skill level 5 in Spellcasting
 48643 | Elf:3    | Noticed Bai Suzhen
 48666 | Elf:3    | Killed Bai Suzhen
 48670 | Elf:3    | Identified the +0 ring mail of Wu Jian's Inspiration
                  | {Dex+4}
 48687 | Elf:3    | Identified the +9 flail "Mokunnu" {flame, Drain rCorr
                  | Int+6}
 48691 | Elf:3    | Identified the +12 hand axe "Woihaugh" {antimagic, rPois
                  | rF+ Dex+3}
 48713 | Elf:3    | Identified the +2 glaive "Qis Okhe" {freeze, *Noise Fly
                  | rPois Will+++}
 48717 | Elf:3    | Identified the +11 plate armour of Inference {Fly rC+ Int+3
                  | Dex+3}
 49194 | Depths:1 | Entered Level 1 of the Depths
 49198 | Depths:1 | Found a gateway to Hell.
 49261 | Depths:1 | Found a magical portal.
 49273 | WizLab   | Entered Zonguldrok's Shrine
 49565 | WizLab   | Noticed an antique lich
 49581 | WizLab   | Killed an antique lich
 49584 | WizLab   | Found the +9 sword of Zonguldrok {reap}
 49911 | Depths:1 | Received a gift from Okawaru
 50004 | Depths:1 | Found an ancient bone altar of Kikubaaqudgha.
 50330 | Depths:2 | Noticed Mara
 50346 | Depths:2 | Noticed juan097's illusion
 50373 | Depths:1 | Reached skill level 5 in Transmutations
 50554 | Depths:2 | Killed Mara
 50588 | Depths:2 | Found a one-way gateway to a ziggurat.
 50677 | Depths:2 | Found a runed translucent gate.
 50677 | Depths:2 | Found a runed translucent gate.
 50681 | Depths:2 | Noticed WeeknightWizard's ghost (veteran DEFE)
 50739 | Depths:2 | Found a runed translucent gate.
 50995 | Depths:2 | Reached XP level 24. HP: 92/133 MP: 31/34
 51025 | Depths:2 | Reached skill level 16 in Fighting
 51055 | Depths:2 | Found a one-way gate leading to the halls of Pandemonium.
 51176 | Depths:2 | Found a shimmering altar of Xom.
 51177 | Depths:2 | Found a shimmering altar of Xom.
 51179 | Depths:2 | Found a shimmering altar of Xom.
 51179 | Depths:2 | Found a shimmering altar of Xom.
 51180 | Depths:2 | Found a shimmering altar of Xom.
 51181 | Depths:2 | Found a shimmering altar of Xom.
 51273 | Depths:2 | Received a gift from Okawaru
 51866 | Depths:2 | Identified the +7 double sword of Free Expression {drain,
                  | rElec} (Okawaru gifted it to you on level 2 of the Depths)
 51866 | Depths:2 | Received a gift from Okawaru
 51904 | Depths:2 | Identified the +1 pair of gloves of Free Expression {rC+}
 51906 | Depths:2 | Identified the +7 shortbow of Lust {flame, rPois}
 52161 | Depths:3 | Noticed Saint Roka
 52181 | Depths:3 | Killed Saint Roka
 52451 | Depths:3 | Found a transporter.
 52460 | Depths:3 | Found a transporter.
 52460 | Depths:3 | Found a viscous altar of Jiyva.
 52463 | Depths:3 | Found a one-way gate to the infinite horrors of the Abyss.
 52464 | Depths:3 | Found a corrupted altar of Lugonu.
 52510 | Depths:3 | Identified the +1 crystal plate armour of the Hot Ocelot
                  | {Dex+6} (Okawaru gifted it to you on level 3 of the Depths)
 52510 | Depths:3 | Received a gift from Okawaru
 52615 | Depths:3 | Found Siadaext's Weapon Emporium.
 52735 | Depths:4 | Entered Level 4 of the Depths
 52763 | Depths:4 | Killed WeeknightWizard's ghost
 52777 | Depths:4 | Found Kikhequk's Jewellery Shoppe.
 52778 | Depths:4 | Found Qygy's Book Shop.
 52780 | Depths:4 | Found Gakuerr's Jewellery Shoppe.
 52797 | Depths:4 | Bought the dreamshard necklace {*Dream Drain} for 2600 gold
                  | pieces
 52797 | Depths:4 | Found the dreamshard necklace {*Dream Drain}
 52815 | Depths:4 | Bought a manual of Dodging for 1440 gold pieces
 53177 | Depths:4 | Noticed Parghit
 53262 | Depths:4 | Found a shimmering blue altar of Sif Muna.
 53411 | Depths:4 | Killed Parghit
 53799 | Depths:4 | Found a gate to the Realm of Zot.
 54345 | Crypt:1  | Entered Level 1 of the Crypt
 54422 | Crypt:1  | Reached XP level 25. HP: 137/137 MP: 34/34
 54474 | Crypt:1  | Identified the +7 whip of Capital Punishment {heavy, rC++
                  | Will+ Int+3 Dex-4}
 54867 | Crypt:1  | Received a gift from Okawaru
 56262 | Crypt:3  | Entered Level 3 of the Crypt
 56318 | Crypt:3  | Received a gift from Okawaru
 56651 | Crypt:3  | HP: 10/208 [poison (dark miasma)]
 56652 | Crypt:3  | HP: 2/210 [poison (dark miasma)]
 56744 | Crypt:3  | Found an ancient bone altar of Kikubaaqudgha.
 57116 | Crypt:3  | Noticed a royal mummy
 57152 | Crypt:3  | Killed a royal mummy
 57153 | Crypt:3  | Reached skill level 17 in Fighting
 57153 | Crypt:3  | Reached skill level 15 in Armour
 57562 | Crypt:3  | Identified the +0 kite shield of the Blue Moon {rElec rN++
                  | Str+3} (Okawaru gifted it to you on level 3 of the Crypt)
 57562 | Crypt:3  | Received a gift from Okawaru
 57597 | Crypt:3  | Found a staircase to the Tomb.
 58327 | Slime:1  | Entered Level 1 of the Pits of Slime
 58667 | Slime:3  | Reached skill level 15 in Dodging
 58694 | Slime:3  | Gained mutation: Your body sometimes deteriorates upon
                  | taking damage. [a shining eye]
 58824 | Slime:4  | Reached XP level 26. HP: 136/145 MP: 33/34
 59144 | Slime:5  | Entered Level 5 of the Pits of Slime
 59170 | Slime:5  | Noticed the Royal Jelly
 59813 | Slime:5  | Found a viscous altar of Jiyva.
 59976 | Slime:5  | Killed the Royal Jelly
 59976 | Slime:5  | Received a gift from Okawaru
 60021 | Slime:5  | Identified the +2 falchion of Terra Nullius {elec, Int+3
                  | Dex+2}
 60027 | Slime:5  | Got the Writings on Deathly Confrontation
 60088 | Slime:5  | Got a slimy rune of Zot
 60091 | Slime:5  | Identified the +5 rapier of Wu Jian's Benevolence {protect,
                  | Fly Str+3 Int+4}
 60851 | Vaults:3 | Bought a scroll of enchant weapon for 157 gold pieces
 60865 | Vaults:3 | Bought a scroll of enchant weapon for 277 gold pieces
 60865 | Vaults:3 | Bought a scroll of enchant weapon for 277 gold pieces
 60865 | Vaults:3 | Bought a potion of haste for 370 gold pieces
 61142 | Zot:1    | Entered Level 1 of the Realm of Zot
 61263 | Zot:1    | Noticed an orb of fire
 61264 | Zot:1    | Gained mutation: Your magical capacity is low. (-10% MP)
                  | [an orb of fire]
 61300 | Zot:1    | Killed an orb of fire
 61755 | Zot:2    | Reached skill level 15 in Shields
 62753 | Zot:2    | Identified the ring "Enidat" {rElec rN+ Will- EV+5 Str+2}
 62843 | Zot:2    | Received a gift from Okawaru
 62859 | Zot:2    | Reached skill level 18 in Fighting
 63123 | Zot:2    | Noticed a Killer Klown
 63281 | Zot:2    | Killed a Killer Klown
 63429 | Zot:2    | Reached XP level 27. HP: 152/152 MP: 31/31
 65274 | Zot:4    | Reached skill level 15 in Evocations
 65486 | Zot:4    | Received a gift from Okawaru
 65498 | Zot:4    | Reached skill level 19 in Fighting
 65615 | Zot:4    | Identified the +12 quarterstaff of Ytesh {freeze, rPois
                  | Str+3}
 65744 | Zot:4    | Identified the +13 crystal plate armour "Anor" {rCorr}
                  | (Okawaru gifted it to you on level 4 of the Realm of Zot)
 65744 | Zot:4    | Received a gift from Okawaru
 66074 | Zot:5    | Entered Level 5 of the Realm of Zot
 66305 | Zot:5    | Identified the +1 leather armour of Brilliance {rC- MP+9
                  | Slay+5 Stlth-}
 66503 | Zot:5    | Noticed an orb of fire
 66506 | Zot:5    | Noticed a dread lich
 66509 | Zot:5    | Noticed an orb of fire
 66512 | Zot:5    | Noticed an orb of fire
 66525 | Zot:5    | Noticed a dread lich
 66528 | Zot:5    | Noticed an orb of fire
 66536 | Zot:5    | Noticed an orb of fire
 66544 | Zot:5    | Killed an orb of fire
 66545 | Zot:5    | Noticed an ancient lich
 66561 | Zot:5    | Killed an orb of fire
 66570 | Zot:5    | Killed a dread lich
 66591 | Zot:5    | Killed a dread lich
 66596 | Zot:5    | Killed an orb of fire
 66618 | Zot:5    | Killed an orb of fire
 66629 | Zot:5    | Killed an orb of fire
 66630 | Zot:5    | Reached skill level 20 in Fighting
 66690 | Zot:5    | Killed an ancient lich
 67062 | Zot:5    | Received a gift from Okawaru
 67063 | Zot:5    | Reached skill level 21 in Fighting
 67406 | Zot:5    | Got the Orb of Zot
 67810 | D:12     | Noticed a seraph
 67839 | D:11     | Identified the +0 tower shield "Muagrioff" {Rampage +Blink
                  | rC++ Slay-6}
 67951 | D:6      | Noticed Cujul the pandemonium lord
 68116 | D:$      | Escaped with the Orb!

Illustrated notes

Levels and vault maps discovered:
D:1:      nzn_arrival_settlement, layout_basic,
          hellmonk_ecumenical_altar_leap_of_faith
D:2:      layout_loops_ring, serial_shops, shop, kennysheep_jessica_study,
          uniq_sigmund
D:3:      layout_loops_ring, cheibriados_altar_1, okawaru_altar_gauntlet_db,
          mainiacjoe_overflow_24_doors, ebering_ghost_sewer_f
D:4:      layout_layer_cave, minmay_temple_entry_purple_smoke, serial_shops,
          nicolae_shop_competitors_out_of_business, minmay_puff
D:5:      corexii_shantytown, layout_loops_cross, nicolae_elemental_shop,
          grunt_decor_fettered, uniq_eustachio, uniq_duvessa
D:6:      layout_cave_pods, lemuel_crystal_altar, kennysheep_generic_room_7
D:7:      layout_basic, nicolae_ru_path_of_blood, ebering_ghost_disaster_area
D:8:      layout_rooms, fedhas_altar_2, mainiacjoe_overflow_six_doors_small,
          mainiacjoe_overflow_catwalk, mainiacjoe_overflow_alcove_4,
          uniq_maurice
D:9:      layout_irregular_city, nemelex_xobeh_ov_fountains_minmay,
          old_standard_altar
D:10:     layout_basic, serial_shops, shop_fountains
D:11:     layout_cave_pods, erik_lair_orcish_takeover, orc_david_3
D:12:     layout_rooms, serial_co_window_serial, co_window_paths_a,
          co_window_corner_a, co_window_paths_a, co_window_of_opportunity_a,
          co_window_of_opportunity_a, co_window_paths_a, co_window_paths_b,
          co_window_corner_b, co_window_of_opportunity_b, co_window_broadway_c,
          co_window_of_opportunity_b, co_window_paths_d, co_window_4corner_a,
          glass_columns_a, glass_columns_a, glass_columns_c, glass_columns_a,
          glass_columns_a
D:13:     layout_long_grid, lightli_vaults_fourway_checkpoint, uniq_nessos
D:14:     layout_roguey, nicolae_wwwww, vehumet_statue
D:15:     grunt_enter_depths_magical_seal, layout_loops_ring, serial_shops,
          nicolae_shop_waterfront, gauntlet_entry_generic,
          minmay_curled_crystal, makhleb_altar_promises_db
Lair:1:   layout_cave_pods, minivault_11
Lair:2:   layout_chaotic_city, gammafunk_ghost_icy, bobbens_dragon_lair_wall,
          uniq_urug
Lair:3:   layout_gridlike, swamp_mist, spider_nest_entry_webs, basic_altar
Lair:4:   nzn_winding_woodlands_huge [nzn_winding_woodlands_5x15_split_checker,
          nzn_winding_woodlands_5x15_zeroes,
          nzn_winding_woodlands_5x15_longhouse,
          nzn_winding_woodlands_5x15_parted, nzn_winding_woodlands_5x15_jagged,
          nzn_winding_woodlands_5x15_default,
          nzn_winding_woodlands_5x15_concentric,
          nzn_winding_woodlands_5x15_sidewinder, nzn_winding_woodlands_5x15_eye,
          nzn_winding_woodlands_5x15_pockets,
          nzn_winding_woodlands_center_pierced_h,
          nzn_winding_woodlands_center_garden,
          nzn_winding_woodlands_15x15_five_gardens], layout_big_grid,
          dpeg_slime_entry_corner, serial_bayou_shore_b
Lair:5:   gammafunk_lair_ancient_temple, layout_misc_corridors
Swamp:1:  layout_falls_marsh, evilmike_swamp_ruin_house_5,
          nicolae_island_escapes, infiniplex_staircase_pool_2
Swamp:2:  layout_basic_swamp, nicolae_swamp_decorative_isthmus
Swamp:3:  layout_basic_swamp, evilmike_swamp_ruin_house_1
Swamp:4:  swamp, layout_basic_swamp, uniq_roxanne
Spider:1: layout_spider_delve, drop_trap
Spider:2: layout_chambers, portal_ice_cave_entry_ice_statue_one, hive_lemuel
Spider:3: layout_spider_delve, hangedman_spider_tarantella_strand, uniq_arachne
Spider:4: hellmonk_spider_rune_bug_friends, drop_trap, hellmonk_test_site
Slime:1:  layout_caves
Slime:2:  layout_caves
Slime:3:  layout_caves
Slime:4:  layout_caves, cheibrodos_slime_lost_civilization_7
Slime:5
Orc:1:    layout_caves, serial_shops, shop_statue, nicolae_shop_firing_range,
          uniq_erica
Orc:2:    st_orc_ogre_mass, layout_caves, basic_altar, serial_shops,
          nicolae_shop_hallway_stairs
Elf:1:    minmay_elf_arrival_plus, layout_onion_city, evilmike_minifort
Elf:2:    nicolae_elf_blades_crystal_corner, layout_rooms, serial_glass,
          glass_columns_c, glass_columns_a, drop_trap
Elf:3:    minmay_elf_hall_curves, layout_gridlike, serial_shops, shop,
          basic_altar, uniq_bai_suzhen
Vaults:1: portal_desolation_entry_nicolae_forbidding_blocks,
          vaults_standard_mumra_x, nicolae_vaults_little_squares_2,
          ontoclasm_vaults_bender, v_rooms_2, vaults_room_guarded_vault,
          ontoclasm_vaults_hangar, dpeg_vaults_monster_row, v_misc_31,
          v_misc_12, nicolae_vaults_little_squares_2,
          nicolae_vaults_three_branches, nicolae_vaults_little_squares_4,
          layout_vaults_omnicross
Vaults:2: vaults_dpeg_hooks, hangedman_vaults_locks, nicolae_vaults_big_ls,
          vaults_room_pool, nicolae_vaults_fighting_squares,
          nicolae_vaults_little_squares_4, nicolae_vaults_border_crossing,
          v_misc_11, layout_vaults_omnigrid
Vaults:3: blue_anna_dwarven_crypt, v_alt_pattern_1, hangedman_vaults_stagger,
          nicolae_vaults_theta, hangedman_vaults_impose, v_misc_30, v_misc_24,
          ontoclasm_vaults_ligature, v_misc_27, hangedman_vaults_slice,
          v_rooms_4, vaults_standard_mumra_enter_the_diamond,
          ontoclasm_vaults_gateway, nicolae_vaults_little_squares_4,
          layout_vaults_omnibox, serial_shops, nicolae_shop_hallway_plus,
          nicolae_shop_statue_plus, shop
Vaults:4: st_greater_box_2, v_misc_3, hangedman_vaults_nails,
          ontoclasm_vaults_loading_screen, ontoclasm_vaults_eye,
          ontoclasm_vaults_spin, grunt_vaults_twisty, v_misc_12,
          ontoclasm_vaults_pinch, grunt_vaults_hallway_long,
          vaults_room_door_ring, nicolae_vaults_little_squares_2,
          grunt_vaults_hallway_short, layout_vaults_maze
Crypt:1:  layout_gridlike, minivault_27, grunt_megastairs_5
Crypt:2:  layout_regular_city, roderic_lattice_octagonal_star
Crypt:3:  church_of_pain_bobbens, layout_chaotic_city, tomb_entry_shell_bobbens
Depths:1: layout_cave_pools, mu_enter_wizlab_7, hell_entry,
          amcnicky_mini_rare_corridor_liquid, kiku_gazebo_garden_becter
Depths:2: minmay_the_grid_triangle_9x9_rhombus_full_mashed
          [minmay_the_grid_triangle_9x9_warning,
          minmay_the_grid_triangle_9x9_checkered,
          minmay_the_grid_triangle_9x9_zippers_horizontal,
          minmay_the_grid_triangle_9x9_minimal,
          minmay_the_grid_triangle_9x9_impossible_snake,
          minmay_the_grid_triangle_9x9_windchime,
          minmay_the_grid_triangle_9x9_limited_checkers,
          minmay_the_grid_triangle_9x9_prize_top_heavy], layout_gridlike,
          enter_ziggurat_f, xom_redecorated, pf_hell_entry_tar_river,
          gammafunk_ghost_tricky_traps, pan_entry,
          amcnicky_mini_corridor_feature, infiniplex_staircase_pillars_1,
          uniq_mara
Depths:3: gammafunk_jiyva_shrine, layout_cave_pools, abyss_entry_flame_altar,
          hell_entry, hangedman_decor_clover_reticule, serial_shops,
          nicolae_shop_bloodbath_and_beyond, kilobyte_rumbling_trees,
          uniq_saint_roka
Depths:4: grunt_zot_entry_tricorne, layout_cave_pools, nicolae_sextant,
          pf_coc_iceberg, nicolae_sif_muna_condensation, minmay_shop_grove,
          serial_bayou_shore_a, uniq_parghit
Zot:1:    layout_twisted_circle, hangedman_zot_decor_slant
Zot:2:    kennysheep_blocky_room, layout_onion_interference,
          grunt_ministairs_15, zot_minivault_2
Zot:3:    layout_gridlike
Zot:4:    layout_misc_corridors, kennysheep_underground_church
Zot:5:    layout_cathedral_of_symmetry

Skill      XL: |  1  2  3  4  5  6  7  8  9 10 11 12 13 14 15 16 17 18 19 20 21 22 23 24 25 26 27 |
---------------+----------------------------------------------------------------------------------+-----
Short Blades   | 2 3 4 5 7 8 10 11 12 | 12.0
Throwing       | 2 3 4 5 6 7 8 |  8.0
Evocations     | 1 4 5 6 7 8 9 10 11 12 14 16 | 16.0
Fighting       | 2 3 5 6 8 9 10 11 12 13 15 16 17 18 21 | 21.6
Dodging        | 1 2 4 5 6 8 9 10 11 12 15 16 | 16.0
Stealth        | 5 6 8 9 10 | 10.0
Invocations    | 1 4 6 7 8 9 10 11 12 13 14 | 14.0
Armour         | 2 3 4 6 8 9 12 14 15 16 | 16.0
Ranged Weapons | 4 6 8 9 10 12 | 12.0
Long Blades    | 3 6 8 9 11 15 | 15.4
Shields        | 7 10 12 13 14 15 | 15.0
Translocations | 2 5 8 10 11 13 | 13.0
Spellcasting   | 3 4 6 |  6.0
Transmutations | 1 5 8 |  8.0

Action                     |  1- 3 |  4- 6 |  7- 9 | 10-12 | 13-15 | 16-18 | 19-21 | 22-24 | 25-27 || total
---------------------------+-------+-------+-------+-------+-------+-------+-------+-------+-------++-------
  Melee: Dagger            |    73 |   154 |   356 |   660 |   772 |    25 |     8 |     9 |    14 ||  2071
         Bite              |    10 |    47 |    97 |   251 |   599 |   441 |   845 |   784 |  1968 ||  5042
         Punch             |     1 |     3 |     1 |    13 |    42 |     5 |       |       |       ||    65
         Short sword       |       |       |       |     8 |       |       |       |       |       ||     8
         Scimitar          |       |       |       |       |   496 |  1060 |  1478 |   687 |       ||  3721
         Double sword      |       |       |       |       |       |       |       |   740 |   816 ||  1556
         Eudemon blade     |       |       |       |       |       |       |       |    34 |   172 ||   206
         Falchion          |       |       |       |       |       |       |       |     4 |   189 ||   193
         Quick blade       |       |       |       |       |       |       |       |       |  1853 ||  1853
   Fire: Sling             |    36 |    83 |   123 |    57 |    11 |       |   135 |   217 |    66 ||   728
         Hand crossbow     |       |       |       |       |   100 |    86 |    51 |       |       ||   237
  Throw: Dart              |     3 |    17 |    51 |    46 |    45 |   226 |    20 |    12 |    42 ||   462
         Javelin           |       |       |       |       |       |     2 |     8 |    16 |    15 ||    41
   Cast: Blink             |       |       |       |       |       |       |     1 |     1 |     1 ||     3
         Wereblood         |       |       |       |       |       |       |       |       |    12 ||    12
 Invoke: Heroism           |       |       |       |     7 |     9 |    17 |    14 |     8 |     9 ||    64
         Finesse           |       |       |       |     1 |     1 |     3 |     2 |     2 |     5 ||    14
         Duel              |       |       |       |       |       |       |     1 |       |       ||     1
Ability: Evoke Invisibilit |       |       |       |       |       |       |       |       |     2 ||     2
  Evoke: Wand              |       |       |     2 |     5 |     9 |    11 |     1 |     6 |     6 ||    40
         Condenser vane    |       |       |       |     1 |     2 |     2 |     3 |     4 |     2 ||    14
         Tin of tremorston |       |       |       |       |       |     3 |       |     3 |       ||     6
         Lightning rod     |       |       |       |       |       |       |       |     4 |       ||     4
         Phial of floods   |       |       |       |       |       |       |       |     1 |       ||     1
    Use: Potion            |       |     2 |     1 |     1 |     3 |     4 |     3 |     1 |    17 ||    32
         Scroll            |       |       |    11 |     9 |    11 |     9 |     6 |     3 |    14 ||    63
   Stab: Sleeping          |     5 |     2 |    18 |     7 |    10 |    15 |    10 |    23 |    39 ||   129
         Paralysed         |       |       |     1 |     2 |     1 |       |       |       |       ||     4
         Distracted        |       |       |       |     5 |     4 |     5 |     4 |     3 |     6 ||    27
         Petrified         |       |       |       |       |     1 |       |       |       |       ||     1
         Invisible         |       |       |       |       |       |     2 |       |       |     5 ||     7
         Confused          |       |       |       |       |       |       |     3 |       |     4 ||     7
         Fleeing           |       |       |       |       |       |       |     1 |       |       ||     1
 Armour: Robe              |     8 |    23 |    54 |   113 |   147 |       |       |       |       ||   345
         Ring mail         |     7 |    35 |       |       |     2 |   357 |    30 |       |       ||   431
         Scale mail        |       |       |       |       |    85 |    76 |   373 |   412 |   468 ||  1414
  Dodge: Dodged            |    38 |    74 |   146 |   395 |  1038 |   970 |  1061 |   885 |  1388 ||  5995
  Block: Kite shield       |       |       |       |       |       |   665 |  1306 |  1305 |  1550 ||  4826
         Reflection        |       |       |       |       |       |       |       |     6 |       ||     6

Table legend: (Time is in decaauts)
 A = Elapsed time spent in this place.
 B = Non-inter-level travel time spent in this place.
 C = Inter-level travel time spent in this place.
 D = Time resting spent in this place.
 E = Time spent auto-exploring this place.
 F = Levels seen in this place.
 G = Mean time per level.
                   A        B        C        D        E       F      G
               +--------+--------+--------+--------+--------+-----+--------+
         Total |  65230 |  57102 |   8128 |   1366 |  35157 |  59 | 1105.6 |
       Dungeon |  16934 |  13957 |   2977 |     30 |  10130 |  15 | 1128.9 |
          Lair |   7686 |   6375 |   1311 |     80 |   3965 |   5 | 1537.2 |
         Swamp |   4772 |   4317 |    455 |    591 |   2712 |   4 | 1193.0 |
   Spider Nest |   5080 |   4704 |    376 |    161 |   2846 |   4 | 1270.0 |
    Slime Pits |   1829 |   1687 |    142 |     68 |    642 |   5 |  365.8 |
  Orcish Mines |   1875 |   1603 |    272 |     28 |    785 |   2 |  937.5 |
   Elven Halls |   3651 |   3187 |    464 |     45 |   1982 |   3 | 1217.0 |
        Vaults |   7080 |   6022 |   1058 |      0 |   3454 |   4 | 1770.0 |
         Crypt |   3596 |   3293 |    303 |     49 |   2183 |   3 | 1198.7 |
        Depths |   4557 |   4060 |    497 |    157 |   2419 |   4 | 1139.2 |
           Zot |   5247 |   4977 |    270 |    130 |   2998 |   5 | 1049.4 |
      Ice Cave |    829 |    829 |      0 |      7 |    342 |   1 |  829.0 |
        Wizlab |    348 |    348 |      0 |      0 |     84 |   1 |  348.0 |
    Desolation |   1087 |   1087 |      0 |      0 |    296 |   1 | 1087.0 |
      Gauntlet |    634 |    634 |      0 |      6 |    317 |   1 |  634.0 |
         Arena |     18 |     18 |      0 |     13 |      0 |   1 |   18.0 |
               +--------+--------+--------+--------+--------+-----+--------+

Top non-repeatable levels by time:
Vaults:1: 2351 daAuts
  Lair:4: 2031 daAuts
Vaults:2: 1892 daAuts
     D:4: 1830 daAuts
Spider:2: 1789 daAuts
 Swamp:3: 1701 daAuts
  Lair:2: 1600 daAuts
Vaults:4: 1588 daAuts
 Crypt:3: 1566 daAuts
    D:11: 1562 daAuts
  Lair:1: 1548 daAuts
Depths:2: 1537 daAuts
   Elf:3: 1424 daAuts
 Swamp:2: 1342 daAuts
Spider:1: 1312 daAuts
